 Dungeon Crawl Stone Soup version 0.29-a0-397-g846e4a0bbc (webtiles) character file.

Game seed: 2331579936342493650

261 mistaj the Shield-Bearer (level 6, 0/40 HPs)
             Began as a Gargoyle Fighter on May 11, 2022.
             Slain by Pikel
             ... wielding a +0 whip of flaming
              (1 damage)
             ... on level 2 of the Dungeon.
             The game lasted 00:03:54 (3351 turns).

mistaj the Shield-Bearer (Gargoyle Fighter)         Turns: 3351, Time: 00:03:56

Health: 0/40       AC: 14    Str: 22    XL:     6   Next: 18%
Magic:  6/6        EV:  7    Int:  8    God:
Gold:   75         SH:  4    Dex:  9    Spells: 5/5 levels left

rFire   . . .      SeeInvis .   a - +0 war axe
rCold   . . .      Faith    .   c - +0 buckler
rNeg    + . .      Spirit   .   k - +0 chain mail
rPois   ∞          Reflect  .   (no helmet)
rElec   +          Harm     .   (no cloak)
rCorr   .          Rampage  .   (no gloves)
Will    .....                   (no boots)
Stlth   ..........              (no amulet)
HPRegen 0.13/turn               (no ring)
MPRegen 0.10/turn               (no ring)

@: no status effects
A: sickness immunity, AC +4, negative energy resistance 1, electricity
resistance, torment resistance 1, petrification resistance
a: no special abilities


You were on level 2 of the Dungeon.
You visited 1 branch of the dungeon, and saw 4 of its levels.

You collected 75 gold pieces.

Inventory:

Hand Weapons
 a - a +0 war axe (weapon)
Missiles
 n - a throwing net (quivered)
Armour
 c - a +0 buckler (worn)
 k - a +0 chain mail (worn)
Wands
 b - a wand of polymorph (6)
Scrolls
 e - a scroll of magic mapping {unknown}
 f - 4 scrolls of identify {unknown}
 i - 2 scrolls of fog {unknown}
 j - a scroll of vulnerability {unknown}
 l - a scroll of summoning {unknown}
 o - 3 scrolls of teleportation {unknown}
 p - a scroll of immolation {unknown}
 r - a scroll of torment {unknown}
Potions
 d - a potion of might
 g - a potion of heal wounds
 h - a potion of curing {unknown}
 m - a potion of brilliance {unknown}
 q - a potion of ambrosia {unknown}


   Skills:
 + Level 5.0 Fighting
 - Level 1.7 Axes
 + Level 5.0 Armour
 + Level 5.0 Shields


You had 5 spell levels left.
You didn't know any spells.
Your spell library contained the following spells:

 Spells                   Type           Power      Damage    Failure   Level
 Petrify                  Tmut/Erth      0%         N/A       100%        4
 Irradiate                Conj/Tmut      0%         3d13      100%        5
 Sublimation of Blood     Necr           Unusable   N/A       N/A         2

Dungeon Overview and Level Annotations

Branches:
Dungeon (4/15)
 Temple: D:4-7

Altars:
Fedhas
Sif Muna
Zin

Annotations:
D:2 Pikel


Innate Abilities, Weirdness & Mutations

You are immune to sickness and miasma.
Your stone body is resilient. (AC +4)
You are immune to poison.
You resist negative energy. (rN+)
You are resistant to electric shocks. (rElec)
You are resistant to unholy torment.
You are immune to petrification.


Message History

You climb upwards.
There is a stone staircase leading down here.
You slash Pikel!
Pikel is moderately wounded.
Pikel hits you but does no damage.
Pikel hits you with a +0 whip of flaming.
Pikel burns you.
* * * LOW HITPOINT WARNING * * *
You slash Pikel!
Pikel is heavily wounded.
Pikel closely misses you.
You closely miss Pikel.
Pikel is heavily wounded.
Pikel hits you with a +0 whip of flaming.
* * * LOW HITPOINT WARNING * * *
Pikel burns you.
* * * LOW HITPOINT WARNING * * *
Pikel hits you but does no damage.
You closely miss Pikel.
Pikel is heavily wounded.
Pikel hits you but does no damage.
You completely miss Pikel.
Pikel is heavily wounded.
Pikel barely misses you. x2
You hit Pikel.
Pikel is heavily wounded.
Pikel drinks a potion.
Pikel is healed!
You slash Pikel!
Pikel is moderately wounded.
Pikel hits you with a +0 whip of flaming.
* * * LOW HITPOINT WARNING * * *
Pikel burns you.
* * * LOW HITPOINT WARNING * * *
You barely miss Pikel.
Pikel is moderately wounded.
Pikel barely misses you.
Pikel hits you with a +0 whip of flaming.
* * * LOW HITPOINT WARNING * * *
Pikel burns you.
You die...

..##.#.#########.########
#.### #..#.#.# #.........#
##.### #......#
##..##.##.####.....
##.#.###
#..##..........##. ##.#.#
#..#####.#####.##. †....#
#..#####.# #.... #...##
#....>...# ####.
#...###### ##.######## #.
#........# #.@# ####### #.
#...####.# #K## #..[..# #.
†........### #.####.....#
#. )..........#
#.##.......# ##
.........#.####.##.#.....#
###
#...####.#.........#[....#
#..
#........###....##########
##.# #...######.......#
#... #...# #.......#
######## #..#


You could see Pikel.

Vanquished Creatures
  Menkaure (D:4)
  A lemure (D:2)
  An iguana (D:4)
  5 adders
  A worm (D:2)
  5 ball pythons
  5 endoplasms
  3 giant cockroaches
  7 goblins
  2 hobgoblins
  8 jackals
  7 kobolds
  6 quokkas
  3 bats
  2 frilled lizards
  7 rats
64 creatures vanquished.

Vanquished Creatures (others)
  10 toadstools (D:4)
10 creatures vanquished.

Grand Total: 74 creatures vanquished

Notes
Turn   | Place    | Note
-------+----------+-------------------------------------------
     0 | D:1      | mistaj the Gargoyle Fighter began the quest for the Orb.
     0 | D:1      | Reached XP level 1. HP: 14/14 MP: 1/1
    28 | D:1      | Found a faded altar of an unknown god.
   278 | D:1      | Reached XP level 2. HP: 18/19 MP: 2/2
   868 | D:1      | Reached XP level 3. HP: 24/24 MP: 3/3
  1763 | D:2      | Reached XP level 4. HP: 29/29 MP: 4/4
  2221 | D:3      | Found a blossoming altar of Fedhas.
  2226 | D:3      | Found a glowing silver altar of Zin.
  2477 | D:3      | Found a shimmering blue altar of Sif Muna.
  2608 | D:4      | Reached XP level 5. HP: 29/34 MP: 5/5
  2699 | D:4      | Noticed Menkaure
  2853 | D:4      | Killed Menkaure
  2854 | D:4      | Reached skill level 5 in Fighting
  2854 | D:4      | Reached skill level 5 in Armour
  2854 | D:4      | Reached skill level 5 in Shields
  2854 | D:4      | Reached XP level 6. HP: 13/40 MP: 6/6
  2854 | D:4      | Noticed Pikel
  3350 | D:2      | HP: 2/40 [Pikel/+0 whip of flaming (2)]
  3351 | D:2      | Slain by Pikel

Illustrated notes

Levels and vault maps discovered:
D:1:      mrwooster_arrival_statue_3, layout_basic,
          shapermc_ecumenical_altar_starsandcircs, minmay_misc_feat_doors,
          fountainhead
D:2:      layout_loops_cross, nicolae_figureground_sparkle
D:3:      layout_basic, lemuel_blue_sif_altar,
          mainiacjoe_overflow_large_starburst
D:4:      cheibrodos_fertilizer, layout_basic, serial_curves, eino_curves_03,
          eino_curves_01, uniq_menkaure, uniq_pikel

Skill      XL: |  1  2  3  4  5 |
---------------+----------------+-----
Fighting       | 4 5 |  5.0
Armour         | 4 5 |  5.0
Shields        | 4 5 |  5.0
Axes           | |  1.7

Action                   |  1- 3 |  4- 6 || total
-------------------------+-------+-------++-------
Melee: War axe           |   111 |   130 ||   241
Armor: Scale mail        |    36 |       ||    36
       Chain mail        |    30 |   106 ||   136
Dodge: Dodged            |    39 |    63 ||   102
Block: Buckler           |    31 |    48 ||    79

Table legend: (Time is in decaauts)
 A = Elapsed time spent in this place.
 B = Non-inter-level travel time spent in this place.
 C = Inter-level travel time spent in this place.
 D = Time resting spent in this place.
 E = Time spent auto-exploring this place.
 F = Levels seen in this place.
 G = Mean time per level.
                   A        B        C        D        E       F      G
               +--------+--------+--------+--------+--------+-----+--------+
         Total |   3463 |   3332 |    131 |    780 |   1812 |   4 |  865.8 |
       Dungeon |   3463 |   3332 |    131 |    780 |   1812 |   4 |  865.8 |
               +--------+--------+--------+--------+--------+-----+--------+

Top non-repeatable levels by time:
     D:1: 1326 daAuts
     D:2: 1015 daAuts
     D:3: 869 daAuts
     D:4: 251 daAuts
